 Dungeon Crawl Stone Soup version 0.30-a0-371-gad7725a93e (webtiles) character file.

Game seed: 4884485613125574304

99617 experimilk the Gelid (level 15, 0/130 (132) HPs)
             Began as a White Draconian Conjurer on Nov 21, 2022.
             Was a High Priest of Vehumet.
             Shot with an arrow by Vashnia (18 damage)
             ... on level 2 of the Snake Pit on Nov 23, 2022.
             The game lasted 02:00:46 (38215 turns).

experimilk the Gelid (White Draconian Conjurer)    Turns: 38215, Time: 02:00:47

HP:   0/130 (132)   AC: 14    Str: 17    XL:     15   Next: 78%
MP:   14/30         EV: 17    Int: 34    God:    Vehumet [*****.]
Gold: 1036          SH:  0    Dex: 11    Spells: 3/37 levels left

rFire   + + +      SeeInvis +    v - +2 quarterstaff (drain)
rCold   + + .      Faith    .    (shield currently unavailable)
rNeg    . . .      Spirit   .    (body armour unavailable)
rPois   +          Reflect  .    W - +0 mask of the Dragon {Will+ Slay+3 SInv}
rElec   +          Harm     .    E - scarf {rC+ rF+}
rCorr   .          Rampage  .    i - +2 pair of gloves of Deskuat {Str+2 Dex+3}
Will    ++...                    T - +1 pair of boots of the Bouncing Xeniums {Str+6 Int+9 Dex-3 Stlth+}
Stlth   +++.......               c - amulet of Wariness {RegenMP Fragile rElec rF++}
HPRegen 0.41/turn                M - ring of poison resistance
MPRegen 0.62/turn                (no ring)

@: brilliant, lightly drained
A: breathe frost, AC +9, unfitting armour, cold resistance 1, cold-blooded
a: Breathe Frost, Renounce Religion


You were on level 2 of the Snake Pit.
You worshipped Vehumet.
Vehumet was extremely pleased with you.
You visited 5 branches of the dungeon, and saw 22 of its levels.
You visited 1 bazaar.
You also visited: Bailey, Gauntlet and Volcano.

You collected 3195 gold pieces.
You spent 2159 gold pieces at shops.

Inventory:

Hand Weapons
 f - a +0 dagger of venom
 v - a +2 quarterstaff of draining (weapon)
Armour
 g - a +2 hat
 i - the +2 pair of gloves of Deskuat (worn) {Str+2 Dex+3}
   (You acquired it on level 2 of the Dungeon)

   Str:       It affects your strength (+2).
   Dex:       It affects your dexterity (+3).
 n - a +2 pair of boots
 E - a scarf of resistance (worn)
 T - the +1 pair of boots of the Bouncing Xeniums (worn) {Str+6 Int+9 Dex-3 Stlth+}
   (You found it in a Gauntlet)

   Str:       It affects your strength (+6).
   Int:       It affects your intelligence (+9).
   Dex:       It affects your dexterity (-3).
   Stlth:     It makes you more stealthy.
 W - the +0 mask of the Dragon (worn) {Will+ Slay+3 SInv}
   (You bought it in a shop in a bazaar)

   Slay:      It affects your accuracy & damage with ranged weapons and melee
   (+3).
   SInv:      It lets you see invisible.
   Will:      It increases your willpower.
Jewellery
 c - the amulet of Wariness (around neck) {RegenMP Fragile rElec rF++}
   (You found it on level 10 of the Dungeon)

   [amulet of magic regeneration]

   It increases your rate of magic regeneration.
   rF:        It greatly protects you from fire.
   rElec:     It insulates you from electricity.
   Fragile:   It will be destroyed if unequipped.
 e - the amulet "Xeuwuquum" {+Inv rElec Regen+ Int+3}
   (You acquired it on level 2 of the Dungeon)

   [amulet of regeneration]

   Int:       It affects your intelligence (+3).
   rElec:     It insulates you from electricity.
   +Inv:      It lets you turn invisible.
   Regen:     It increases your rate of health regeneration.
 l - an amulet of the acrobat
 K - a ring of fire
 L - an amulet of reflection
 M - a ring of poison resistance (left hand)
 N - an amulet of regeneration
 R - a +6 ring of intelligence
 V - a ring of flight
Wands
 m - a wand of acid (3)
 r - a wand of mindburst (11)
 B - a wand of flame (40)
 C - a wand of roots (16)
 D - a wand of polymorph (11)
 F - a wand of paralysis (23)
 J - a wand of digging (9)
Scrolls
 b - 6 scrolls of teleportation
 j - 4 scrolls of fog
 k - 3 scrolls of torment
 o - a scroll of enchant armour
 t - a scroll of magic mapping
 u - 3 scrolls of blinking
 x - a scroll of brand weapon
 y - 5 scrolls of fear
 A - 6 scrolls of vulnerability
 H - 3 scrolls of silence
 Q - 2 scrolls of immolation
 U - 3 scrolls of identify
 X - a scroll of summoning
Potions
 a - 6 potions of attraction
 d - 5 potions of curing
 h - 2 potions of heal wounds
 p - 3 potions of lignification
 q - 2 potions of ambrosia
 s - 4 potions of berserk rage
 w - 4 potions of might
 z - 3 potions of resistance
 G - 2 potions of flight
 I - 2 potions of brilliance
 O - a potion of invisibility
 P - a potion of cancellation


   Skills:
 - Level 12.0 Fighting
 * Level 5.8 Staves
 - Level 13.0 Dodging
 - Level 1.7 Stealth
 + Level 11.6 Spellcasting
 - Level 12.0 Conjurations
 + Level 17.6 Ice Magic


You had 3 spell levels left.
You knew the following spells:

 Your Spells              Type           Power      Damage    Failure   Level
a - Ozocubu's Refrigerat  Ice            59%        4d20      1%          7
b - Magic Dart            Conj           100%       1d8       0%          1
c - Orb of Destruction    Conj           50%        9d13      4%          7
f - Simulacrum            Ice/Necr       44%        N/A       10%         6
q - Blink                 Tloc           58%        N/A       3%          2
s - Freezing Cloud        Conj/Ice/Air   46%        6-21      1%          5
x - Iskenderun's Mystic   Conj/Tloc      74%        2d15      1%          4
z - Searing Ray           Conj           100%       2d8       1%          2

Your spell library contained the following spells:

 Spells                   Type           Power      Damage    Failure   Level
 Conjure Ball Lightning   Conj/Air       37%        3x3d12    9%          6
 Freeze                   Ice            100%       1d10      0%          1
 Frozen Ramparts          Ice            100%       1d16      0%          3
 Foxfire                  Conj/Fire      100%       2x1d9     1%          1
 Kiss of Death            Conj/Necr      100%       2d13      1%          1
 Shock                    Conj/Air       100%       1d9       1%          1
 Momentum Strike          Conj/Tloc      100%       3d10      1%          2
 Dazzling Flash           Conj/Hex       100%       N/A       1%          3
 Kindle Blastsparks       Fire/Tloc/Air  58%        2d14      1%          3
 Slow                     Hex            100%       N/A       2%          1
 Call Canine Familiar     Summ           29%        N/A       7%          3
 Confusing Touch          Hex            29%        N/A       7%          3
 Lesser Beckoning         Tloc           58%        N/A       7%          3
 Portal Projectile        Hex/Tloc       58%        N/A       7%          3
 Swiftness                Air            29%        N/A       7%          3
 Tukima's Dance           Hex            29%        N/A       7%          3
 Vampiric Draining        Necr           29%        2d8       7%          3
 Vhi's Electric Charge    Tloc/Air       58%        N/A       7%          3
 Fulminant Prism          Conj/Hex       37%        3d17      1%          4
 Ice Form                 Ice/Tmut       88%        N/A       1%          4
 Arcjolt                  Conj/Air       37%        1d47      1%          5
 Fireball                 Conj/Fire      37%        3d15      1%          5
 Metabolic Englaciation   Hex/Ice        44%        N/A       1%          5
 Airstrike                Air            14%        2d(3-19)  6%          4
 Starburst                Conj/Fire      37%        6d11      9%          6
 Lee's Rapid Deconstruct  Erth           14%        3d9*      17%         5
 Yara's Violent Unravell  Hex/Tmut       14%        3d7       17%         5
 Leda's Liquefaction      Hex/Erth       14%        N/A       22%         4
 Passage of Golubria      Tloc           29%        N/A       22%         4
 Maxwell's Capacitive Co  Air            14%        ∞         100%        8
 Shatter                  Erth           14%        3d14*     100%        9


Dungeon Overview and Level Annotations

Branches:
Dungeon (12/15)            Temple (1/1) D:5            Lair (5/5) D:10
 Shoals (0/4) Lair:3        Snake (2/4) Lair:3        Slime (0/5) Lair:4
    Orc (2/2) D:12            Elf (0/3) Orc:2        Bailey (visited)
Volcano (visited)         Gauntlet (visited)

Altars:
Ashenzari
Cheibriados
Dithmenos
Elyvilon
Fedhas
Gozag
Hepliaklqana
Kikubaaqudgha
Makhleb
Nemelex Xobeh
Okawaru
Qazlal
Sif Muna
Trog
Uskayaw
Vehumet
Wu Jian
Xom
Yredelemnul
Zin
The Shining One
Jiyva
Lugonu

Shops:
D:1 !   D:2 (   D:11 !   Orc:1 (   Orc:2 =([([   Snake:2 ::

Portals:
Abyss: Lair:5

Annotations:
D:4 1 runed translucent door, Crazy Yiuf
D:9 Amaemon
D:10 2 transporters, GiantSquids's ghost, journeyman GrBe
Snake:2 Donald; Vashnia


Innate Abilities, Weirdness & Mutations

You can breathe waves of freezing cold which knock back foes.
Your icy white scales are hard. (AC +9)
You cannot fit into any form of body armour.
Your flesh is cold resistant. (rC+)
You are cold-blooded and may be slowed by cold attacks.


Message History

The arrow hits your black mamba simulacrum!!
Your black mamba simulacrum vaporises!
Casting: Ozocubu's Refrigeration (dangerous; 1% risk of failure)
Confirm with . or Enter, or press ? or * to list all spells.
You feel a surge of power!
The heat is drained from your surroundings.
Vashnia is heavily wounded.
The naga sharpshooter is almost dead.
Vashnia is engulfed in freezing vapours.
Vashnia shoots an arrow.
The arrow closely misses you.
The naga sharpshooter is engulfed in freezing vapours.
The naga sharpshooter mumbles some strange words.
The naga sharpshooter magically shoots an arrow.
The arrow hits you!
Casting: Ozocubu's Refrigeration (dangerous; 1% risk of failure)
Confirm with . or Enter, or press ? or * to list all spells.
You feel a surge of power!
The heat is drained from your surroundings.
Vashnia is severely wounded.
You kill the naga sharpshooter!
Vehumet accepts your kill.
You feel your power returning.
Vashnia is engulfed in freezing vapours.
Vashnia shoots an arrow.
The arrow hits you!
Casting: Ozocubu's Refrigeration (mildly dangerous; 1% risk of failure)
Confirm with . or Enter, or press ? or * to list all spells.
You feel a surge of power!
The heat is drained from your surroundings.
Vashnia is almost dead.
Vashnia is engulfed in freezing vapours.
Vashnia shoots an arrow.
The arrow hits you!!
* * * LOW HITPOINT WARNING * * *
Casting: Ozocubu's Refrigeration (mildly dangerous; 1% risk of failure)
Confirm with . or Enter, or press ? or * to list all spells.
You feel a surge of power!
The heat is drained from your surroundings.
Vashnia is almost dead.
Vashnia is engulfed in freezing vapours.
Vashnia shoots an arrow.
The arrow hits you!!
You die...

#.≈≈≈.≈≈≈..# #...)...#
#.≈≈≈.≈≈≈..#####...........
#..≈≈.≈≈...†.).............
##.........#####.#..###....
#.........# #.##...#....
#....Z....## #...##.#....
#..........# ###..#...#
#..........#### ##).##.###
######...@....# ##......#
#..........# #####...
#........#.. ##..
#).......# ##. #....§§§.#
.##### #....§N§..) ......
#....§§§.### ###..#
#........## ##.. #. #..


You could see Vashnia (ally target) and a friendly naga ritualist simulacrum.

Vanquished Creatures
  Frances (D:12)
  Aizul (Snake:1)
  2 orc warlords
  A minotaur (Gauntlet)
  Josephine (Lair:5)
  3 hydras
  2 boulder beetles
  3 naga warriors
  5 two-headed ogres
  4 thrashing horrors (Lair:5)
  5 shock serpents
  6 naga sharpshooters
  A salamander mystic (Volcano)
  A naga ritualist (Snake:2)
  A wizard (Volcano)
  3 orc knights
  3 lindwurms (Lair:4)
  A deep elf pyromancer (Volcano)
  4 mana vipers
  2 orc sorcerers (Orc:1)
  2 cyclopes
  9 salamanders
  10 elephants
  2 torpor snails (Lair:2)
  A smoke demon (Lair:5)
  3 naga magi (Snake:1)
  A black mamba (shapeshifter) (Lair:5)
  A guardian serpent (Snake:1)
  5 molten gargoyles (Volcano)
  12 black mambas
  A merfolk siren (Lair:3)
  4 unseen horror zombies (D:9)
  5 gargoyles
  8 cane toads
  Maggie (D:6)
  A cane toad (shapeshifter) (Lair:5)
  4 kobold demonologists
  2 unseen horrors
  6 rime drakes
  5 komodo dragons
  An ancient zyme (Lair:5)
  8 trolls
  2 polar bears
  3 merfolk (Lair:3)
  A hornet (D:8)
  7 slime creatures (D:12)
  A tyrant leech (Gauntlet)
  6 dream sheep
  31 blink frogs
  A spriggan (Lair:5)
  5 shadows
  3 ynoxinuls (Lair:5)
  5 wyverns
  Eustachio (D:6)
  7 wraiths
  42 yaks
  7 basilisks
  A chaos spawn (Lair:5)
  10 small abominations (Lair:5)
  4 steam dragons
  A large abomination (Lair:5)
  4 wargs
  16 nagas
  3 swamp worms (Gauntlet)
  31 water moccasins
  27 orc warriors
  A swamp drake (Lair:3)
  2 ice beasts
  A black bear (D:6)
  6 centaurs
  8 wolves
  6 ogres
  13 bullfrogs
  2 gnoll sergeants (D:7)
  A kobold brigand (D:11)
  3 necrophages
  A scorpion (Lair:1)
  A wight (D:9)
  16 killer bees
  4 electric eels
  7 howler monkeys
  A lava snake (Lair:4)
  7 centaur zombies (D:9)
  A human zombie (D:9)
  23 orc priests
  2 jellies
  A gnoll bouda (D:9)
  8 hounds
  3 iguanas
  21 orc wizards
  7 howler monkey zombies (D:9)
  A mummy (D:9)
  23 adders
  19 gnolls
  2 white imps (D:5)
  4 ufetubi
  3 dart slugs
  88 orcs
  8 ball pythons
  7 endoplasms
  A giant cockroach (D:1)
  22 goblins
  2 hobgoblins
  3 jackals (D:1)
  5 kobolds
  5 quokkas
  5 bats
  6 frilled lizards
  4 rats
  A fire vortex (Lair:4)
716 creatures vanquished.

Vanquished Creatures (collateral kills)
  A naga warrior (Snake:1)
  2 naga sharpshooters (Snake:1)
  2 naga ritualists (Snake:1)
  A mana viper (Snake:1)
  2 salamanders (Snake:1)
  A naga mage (Snake:2)
  7 black mambas
  2 trolls (Orc:2)
  A warg (Orc:1)
  3 nagas (Snake:1)
  5 orc warriors
  3 ogres (Orc:2)
  4 orc priests (Orc:2)
  An orc wizard (Orc:2)
  5 orcs
40 creatures vanquished.

Vanquished Creatures (others)
  63 fungi
  119 plants
182 creatures vanquished.

Grand Total: 938 creatures vanquished

Notes
Turn   | Place    | Note
-------+----------+-------------------------------------------
     0 | D:1      | experimilk the Draconian Conjurer began the quest for the
                  | Orb.
     0 | D:1      | Reached XP level 1. HP: 14/14 MP: 3/3
   284 | D:1      | Reached XP level 2. HP: 20/20 MP: 1/5
   287 | D:1      | Learned a level 2 spell: Searing Ray
   643 | D:1      | Reached skill level 5 in Conjurations
   643 | D:1      | Reached XP level 3. HP: 26/26 MP: 1/6
   977 | D:1      | Found Cuvocash's Distillery.
   984 | D:1      | Bought a potion of heal wounds for 60 gold pieces
  1119 | D:2      | Identified 3 scrolls of acquirement
  1119 | D:2      | Acquired the Almanac of Ashen Congelation
  1123 | D:2      | Learned a level 1 spell: Freeze
  1124 | D:2      | Acquired the +2 pair of gloves of Deskuat {Str+2 Dex+3}
  1131 | D:2      | Acquired the amulet "Xeuwuquum" {+Inv rElec Regen+ Int+3}
  1284 | D:2      | Found Vuimudius's Antique Weapon Boutique.
  1514 | D:1      | Bought a potion of heal wounds for 60 gold pieces
  1754 | D:1      | Bought a potion of lignification for 36 gold pieces
  2034 | D:3      | Learned a level 1 spell: Freeze
  2440 | D:3      | Reached XP level 4. HP: 33/33 MP: 5/7
  2525 | D:3      | Found a bloodstained altar of Trog.
  2525 | D:3      | Found a broken altar of Ashenzari.
  2810 | D:4      | Noticed a steam dragon
  3265 | D:4      | Noticed a water moccasin
  3284 | D:4      | Killed a water moccasin
  3285 | D:4      | Reached XP level 5. HP: 38/38 MP: 1/8
  3408 | D:4      | Identified the +1 robe of the Lair of Beasts {rC+ Will-
                  | MP+9 Int+3}
  3611 | D:4      | Found a runed translucent door.
  3612 | D:4      | Noticed Crazy Yiuf
  3795 | D:4      | Killed a steam dragon
  3796 | D:4      | Reached XP level 6. HP: 44/45 MP: 1/9
  4022 | D:4      | Found a glowing golden altar of the Shining One.
  4078 | D:4      | Learned a level 4 spell: Iskenderun's Mystic Blast
  4153 | D:4      | Noticed an ice beast
  4185 | D:4      | Killed an ice beast
  4186 | D:4      | Your scales start taking on an icy white colour.
  4186 | D:4      | Reached XP level 7. HP: 50/50 MP: 0/10
  4186 | D:4      | Gained mutation: Your flesh is cold resistant. (rC+) [White
                  | Draconian growth]
  4736 | D:5      | Entered Level 5 of the Dungeon
  5408 | D:5      | Found a staircase to the Ecumenical Temple.
  5422 | Temple   | Entered the Ecumenical Temple
  5441 | Temple   | Became a worshipper of Vehumet
  5563 | D:5      | Found a hide-covered altar of Uskayaw.
  6442 | D:1      | Bought a potion of cancellation for 96 gold pieces
  6620 | D:6      | Noticed Eustachio
  6892 | D:6      | Killed Eustachio
  6893 | D:6      | Reached skill level 10 in Conjurations
  6893 | D:6      | Reached XP level 8. HP: 54/57 MP: 8/11
  7679 | D:6      | Noticed Maggie
  7694 | D:6      | Killed Maggie
  7768 | D:6      | Reached * piety under Vehumet
  7768 | D:6      | Offered knowledge of Shock by Vehumet.
  7866 | D:6      | Learned a level 7 spell: Ozocubu's Refrigeration
  7940 | D:6      | Reached skill level 2 in Ice Magic
  8202 | D:7      | Reached skill level 3 in Ice Magic
  8304 | D:7      | Reached skill level 4 in Ice Magic
  8304 | D:7      | Reached XP level 9. HP: 62/62 MP: 2/15
  8741 | D:7      | Reached skill level 5 in Ice Magic
  9051 | D:7      | Reached skill level 6 in Ice Magic
  9835 | D:8      | Reached skill level 7 in Ice Magic
 10015 | D:8      | Reached skill level 8 in Ice Magic
 10320 | D:8      | Reached skill level 9 in Ice Magic
 10381 | D:8      | Found an opulent altar of Gozag.
 11309 | D:8      | Reached skill level 10 in Ice Magic
 11606 | D:8      | Reached XP level 10. HP: 69/69 MP: 0/16
 11999 | D:9      | Reached skill level 11 in Ice Magic
 12163 | D:9      | Reached ** piety under Vehumet
 12246 | D:9      | Offered knowledge of Static Discharge by Vehumet.
 12271 | D:9      | Found a basalt altar of Yredelemnul.
 12390 | D:9      | Reached skill level 12 in Ice Magic
 12497 | D:9      | Found a flagged portal.
 12502 | Bailey   | Entered a bailey
 12576 | Bailey   | Noticed an orc knight
 12888 | Bailey   | Offered knowledge of Hailstorm by Vehumet.
 13067 | Bailey   | Noticed an orc knight
 13067 | Bailey   | Noticed an orc knight
 13299 | Bailey   | Killed an orc knight
 13300 | Bailey   | Reached skill level 13 in Ice Magic
 13995 | D:9      | Noticed Amaemon
 13996 | D:9      | Noticed an orange demon
 14762 | D:9      | Found an ancient bone altar of Kikubaaqudgha.
 15056 | D:9      | Reached skill level 14 in Ice Magic
 15582 | D:9      | Reached *** piety under Vehumet
 16054 | D:10     | Entered Level 10 of the Dungeon
 16054 | D:10     | Noticed GiantSquids's ghost (journeyman GrBe)
 16054 | D:10     | Found a transporter.
 16055 | D:10     | Noticed a manticore
 16064 | D:10     | Found a transporter.
 16092 | D:10     | Noticed a gargoyle
 16103 | D:10     | Killed a gargoyle
 16136 | D:10     | Reached XP level 11. HP: 70/74 MP: 3/17
 16138 | D:10     | Reached skill level 15 in Ice Magic
 16138 | D:10     | Reached skill level 1 in Fighting
 16591 | D:10     | Identified the amulet of Wariness {RegenMP Fragile rElec
                  | rF++}
 16604 | D:10     | Found a staircase to the Lair.
 16664 | D:10     | Found an ornate altar of the Wu Jian Council.
 16796 | D:10     | Reached skill level 5 in Spellcasting
 17282 | Lair:1   | Entered Level 1 of the Lair of Beasts
 17760 | Lair:1   | You fall into a shaft and drop 1 floor!
 18364 | Lair:1   | Reached skill level 5 in Dodging
 18674 | Lair:1   | Offered knowledge of Flame Wave by Vehumet.
 18794 | Lair:1   | Reached skill level 5 in Fighting
 19692 | Lair:2   | Acquired 687 gold pieces
 20041 | Lair:2   | Identified the +1 hand axe "Cuinuirr" {speed, rElec rPois}
 20297 | Lair:2   | Identified the +3 hand axe of Cataclysm {vorpal, rPois
                  | Str+3 Dex+4}
 20426 | Lair:2   | Reached XP level 12. HP: 100/100 MP: 4/19
 20582 | Lair:2   | Noticed a five-headed hydra
 20970 | Lair:2   | Killed a five-headed hydra
 22053 | Lair:3   | Reached **** piety under Vehumet
 22079 | Lair:3   | Offered knowledge of Frozen Ramparts by Vehumet.
 22085 | Lair:3   | Learned a level 3 spell: Frozen Ramparts
 23147 | Lair:3   | Reached ***** piety under Vehumet
 23279 | Lair:3   | Found a staircase to the Snake Pit.
 23334 | Lair:3   | Found a staircase to the Shoals.
 24090 | Lair:4   | Found a viscous altar of Jiyva.
 24090 | Lair:4   | Found a staircase to the Slime Pits.
 24172 | Lair:4   | Reached XP level 13. HP: 111/111 MP: 3/23
 24331 | Lair:4   | Offered knowledge of Irradiate by Vehumet.
 25337 | Lair:5   | Entered Level 5 of the Lair of Beasts
 25419 | Lair:5   | Reached skill level 16 in Ice Magic
 25784 | Lair:5   | Found a dark tunnel.
 25789 | Volcano  | Entered a volcano
 26136 | Volcano  | Noticed an orb of fire
 26274 | Volcano  | Reached skill level 10 in Fighting
 26414 | Volcano  | Noticed an orb of fire
 27070 | Lair:5   | Reached skill level 10 in Dodging
 27458 | Lair:5   | Offered knowledge of Freezing Cloud by Vehumet.
 27478 | Lair:5   | Reached XP level 14. HP: 122/122 MP: 2/27
 27679 | Lair:5   | Learned a level 5 spell: Freezing Cloud
 27683 | Lair:5   | Noticed Josephine
 27688 | Lair:5   | Killed Josephine
 29324 | Lair:5   | Found a corrupted altar of Lugonu.
 29324 | Lair:5   | Found a one-way gate to the infinite horrors of the Abyss.
 30220 | D:11     | Found Mummoav's Distillery.
 30229 | D:11     | Bought a potion of resistance for 130 gold pieces
 30229 | D:11     | Bought a potion of curing for 39 gold pieces
 30229 | D:11     | Bought a potion of magic for 104 gold pieces
 30229 | D:11     | Bought a potion of heal wounds for 65 gold pieces
 30229 | D:11     | Bought a potion of heal wounds for 65 gold pieces
 30229 | D:11     | Bought a potion of haste for 130 gold pieces
 30357 | D:11     | Found a gate leading to a gauntlet.
 30429 | Gauntlet | Entered a Gauntlet
 30429 | Gauntlet | Found a transporter.
 30438 | Gauntlet | Found a transporter.
 30451 | Gauntlet | Found a transporter.
 30455 | Gauntlet | Found a transporter.
 30476 | Gauntlet | Found a transporter.
 30486 | Gauntlet | Found a transporter.
 30500 | Gauntlet | Found a transporter.
 30503 | Gauntlet | Found a transporter.
 30523 | Gauntlet | Found a transporter.
 30625 | Gauntlet | Identified the +2 pair of gloves of the Marlin {-Tele rPois
                  | rF+++ Str+4}
 30773 | Gauntlet | Identified the +1 pair of boots of the Bouncing Xeniums
                  | {Str+6 Int+9 Dex-3 Stlth+}
 30885 | Gauntlet | Identified the +8 long sword of Dissolution {pain, Dex+4}
 31098 | D:11     | Learned a level 2 spell: Blink
 31777 | D:12     | Noticed Frances
 31791 | D:12     | Killed Frances
 32021 | D:12     | Found a flickering gateway to a bazaar.
 32029 | Bazaar   | Entered a bazaar
 32034 | Bazaar   | Found Qeboliyc's Weapon Boutique.
 32042 | Bazaar   | Found Zuep's General Store.
 32048 | Bazaar   | Found Plog's Antique Armour Emporium.
 32057 | Bazaar   | Bought the +0 mask of the Dragon {Will+ Slay+3 SInv} for
                  | 1135 gold pieces
 32057 | Bazaar   | Found the +0 mask of the Dragon {Will+ Slay+3 SInv}
 32075 | Bazaar   | Found Voumpoad's Weapon Shop.
 32105 | Bazaar   | Bought a scroll of summoning for 95 gold pieces
 32495 | D:12     | Found a staircase to the Orcish Mines.
 32528 | D:12     | Offered knowledge of Spellforged Servitor by Vehumet.
 32547 | D:12     | Learned a level 6 spell: Simulacrum
 32734 | Orc:1    | Entered Level 1 of the Orcish Mines
 32931 | Orc:1    | Noticed an orc warlord
 32935 | Orc:1    | Killed an orc warlord
 32936 | Orc:1    | Reached skill level 10 in Spellcasting
 32985 | Orc:1    | Found Juaddidi's Weapon Shoppe.
 33102 | Orc:1    | Found a shimmering blue altar of Sif Muna.
 33118 | Orc:1    | Got Sif Muna's Directory of Death
 33242 | Orc:2    | Entered Level 2 of the Orcish Mines
 33369 | Orc:2    | Found a staircase to the Elven Halls.
 33586 | Orc:2    | Found Tutarch's Jewellery Shop.
 33590 | Orc:2    | Offered knowledge of Orb of Destruction by Vehumet.
 33597 | Orc:2    | Reached XP level 15. HP: 131/131 MP: 8/29
 33796 | Orc:2    | Found Poodeho's Weapon Shoppe.
 33813 | Orc:2    | Learned a level 7 spell: Orb of Destruction
 33953 | Orc:2    | Found Jypats's Antique Weapon Shop.
 33959 | Orc:2    | Found Vylim's Antique Armour Boutique.
 34330 | Orc:2    | Found Hotuk's Antique Armour Boutique.
 34942 | D:1      | Bought a potion of brilliance for 48 gold pieces
 34942 | D:1      | Bought a potion of ambrosia for 96 gold pieces
 35236 | Snake:1  | Entered Level 1 of the Snake Pit
 35460 | Snake:1  | Offered knowledge of Conjure Ball Lightning by Vehumet.
 35466 | Snake:1  | Reached skill level 17 in Ice Magic
 35536 | Snake:1  | Reached skill level 1 in Staves
 37073 | Snake:2  | Found Jen Tonk's Tremendous Tomes.
 37080 | Snake:2  | Noticed Vashnia
 37358 | Snake:2  | Reached skill level 5 in Staves
 37402 | Snake:2  | Noticed Aizul
 37410 | Snake:2  | Noticed Donald
 37740 | Snake:1  | Killed Aizul
 38189 | Snake:2  | Found Poikal's Self-Improvement Boutique.
 38215 | Snake:2  | Shot with an arrow by Vashnia

Illustrated notes

Levels and vault maps discovered:
D:1:      mushboom_english_gardens, layout_loops_ring, serial_shops,
          nicolae_shop_waterfront
D:2:      layout_rooms, serial_shops, nicolae_square_shop, minmay_tetromino_o4
D:3:      layout_basic, nicolae_overflow_squiral
D:4:      layout_basic, tso_altar, cheibrodos_gnoll_hut, uniq_crazy_yiuf_cottage
D:5:      layout_layer_cave, general_overflow_altar, minmay_temple_entry_trees
D:6:      layout_loops_cross, grunt_ministairs_9, minmay_ogre_servants,
          uniq_maggie, uniq_eustachio
D:7:      layout_loops_corners
D:8:      layout_basic, nicolae_gozag_cash_rules_everything_around_me
D:9:      layout_basic, lemuel_mausoleum_altar_kikubaaqudgha,
          nicolae_yredelemnul_corpse_copse, enter_bailey_3, dk_rats_in_the_wall,
          uniq_amaemon
D:10:     layout_gridville, mainiacjoe_overflow_tiny_flanked, erik_lair_island,
          gammafunk_ghost_berserking_beasts
D:11:     layout_stronghold, gauntlet_entry_generic, serial_shops,
          nicolae_stop_n_shop_2
D:12:     layout_roguey, orc_0_dummy, serial_shops, bzr_entry_customers,
          serial_glass, glass_columns_b, glass_columns_b, glass_columns_a,
          glass_columns_c, glass_columns_b, glass_columns_b, item_on_display_a,
          feat_on_display, uniq_frances
Temple:   nicolae_temple_ecumenical_triangle
Lair:1:   layout_gridlike
Lair:2:   layout_loops_ring, nzn_random_ring, infiniplex_staircase_pool_2,
          serial_bayou_shore_b
Lair:3:   lemuel_reptile_caves, layout_chaotic_city, elwin_shoals_entry_stream,
          guppyfry_snake_entry_garden, serial_bayou_shore_a
Lair:4:   layout_gridlike, slime_entry_1, nicolae_lair_lindhole
Lair:5:   hellmonk_lair_end_abyssal_woods, layout_cave_pods, enter_volcano_4,
          grunt_megastairs_3, uniq_josephine
Snake:1:  layout_basic
Snake:2:  layout_rooms, grunt_ministairs_3, nicolae_shop_i_like_big_books,
          nicolae_shop_self_help, uniq_donald, uniq_vashnia, uniq_aizul
Orc:1:    layout_diamond_mine, serial_shops, shop, led_sif_book
Orc:2:    grunt_orc_community_town_hall, layout_caves,
          grunt_orc_community_big_house_1, grunt_orc_community_big_house_2,
          grunt_orc_community_house_2, grunt_orc_community_house_2,
          grunt_orc_community_house_1, grunt_orc_community_house_1,
          grunt_orc_community_house_1, grunt_orc_community_house_3,
          serial_shops, shop, basic_altar, nicolae_orc_lost_temple

Skill      XL: |  1  2  3  4  5  6  7  8  9 10 11 12 13 14 15 |
---------------+----------------------------------------------+-----
Conjurations   | 5 7 8 10 11 12 | 12.0
Dodging        | 2 3 7 9 10 12 13 | 13.0
Spellcasting   | 4 5 6 9 10 11 | 11.6
Ice Magic      | 4 10 14 15 16 17 | 17.6
Fighting       | 7 9 10 12 | 12.0
Staves         | 5 |  5.8
Stealth        | |  1.7

Action                   |  1- 3 |  4- 6 |  7- 9 | 10-12 | 13-15 || total
-------------------------+-------+-------+-------+-------+-------++-------
Melee: Dagger            |    26 |    35 |    13 |   120 |       ||   194
       Tailslap          |     3 |     1 |     1 |    26 |    41 ||    72
       Punch             |       |     1 |       |     1 |       ||     2
       Quarterstaff      |       |       |       |     6 |   181 ||   187
 Cast: Magic Dart        |    64 |    43 |   132 |   172 |    39 ||   450
       Searing Ray       |     4 |     9 |    75 |    64 |     6 ||   158
       Iskenderun's Myst |       |       |    12 |    19 |    32 ||    63
       Ozocubu's Refrige |       |       |       |   131 |   233 ||   364
       Frozen Ramparts   |       |       |       |     1 |     1 ||     2
       Freezing Cloud    |       |       |       |       |    82 ||    82
       Simulacrum        |       |       |       |       |    56 ||    56
       Orb of Destructio |       |       |       |       |    17 ||    17
 Abil: Breathe Frost     |       |       |    10 |    15 |    26 ||    51
Evoke: Wand              |       |       |       |    17 |     4 ||    21
  Use: Scroll            |     6 |     1 |    11 |    17 |     9 ||    44
       Potion            |       |     3 |     4 |     8 |    13 ||    28
 Stab: Sleeping          |       |     1 |       |       |       ||     1
       Distracted        |       |       |       |       |     2 ||     2
Armor: Skin              |     6 |    41 |    40 |   161 |   107 ||   355
Dodge: Dodged            |    15 |    17 |    53 |   258 |   324 ||   667

Table legend: (Time is in decaauts)
 A = Elapsed time spent in this place.
 B = Non-inter-level travel time spent in this place.
 C = Inter-level travel time spent in this place.
 D = Time resting spent in this place.
 E = Time spent auto-exploring this place.
 F = Levels seen in this place.
 G = Mean time per level.
                   A        B        C        D        E       F      G
               +--------+--------+--------+--------+--------+-----+--------+
         Total |  38384 |  36419 |   1965 |  15976 |  12967 |  26 | 1476.3 |
       Dungeon |  18925 |  17486 |   1439 |   6624 |   8186 |  12 | 1577.1 |
        Temple |     28 |     28 |      0 |      0 |      5 |   1 |   28.0 |
          Lair |  11899 |  11565 |    334 |   5856 |   3547 |   5 | 2379.8 |
     Snake Pit |   2979 |   2850 |    129 |   1731 |    305 |   2 | 1489.5 |
  Orcish Mines |   1946 |   1885 |     61 |    542 |    714 |   2 |  973.0 |
        Bazaar |    103 |    103 |      0 |      4 |      0 |   1 |  103.0 |
        Bailey |   1022 |   1022 |      0 |    588 |     64 |   1 | 1022.0 |
       Volcano |   1010 |   1010 |      0 |    522 |    144 |   1 | 1010.0 |
      Gauntlet |    467 |    467 |      0 |    109 |      0 |   1 |  467.0 |
               +--------+--------+--------+--------+--------+-----+--------+

Top non-repeatable levels by time:
  Lair:5: 3490 daAuts
     D:9: 2888 daAuts
  Lair:2: 2824 daAuts
 Snake:1: 2332 daAuts
  Lair:1: 2320 daAuts
     D:7: 2239 daAuts
     D:4: 2179 daAuts
     D:8: 1946 daAuts
  Lair:4: 1851 daAuts
     D:5: 1604 daAuts
     D:1: 1487 daAuts
  Lair:3: 1412 daAuts
   Orc:2: 1408 daAuts
     D:6: 1356 daAuts
    D:10: 1308 daAuts
